 Dungeon Crawl Stone Soup version 0.31-a0-1127-ge7b2bbabab (webtiles) character file.

Game seed: 2411021348634876035

272 Malachi the Slasher (level 6, 0/49 HPs)
             Began as a Demonspawn Gladiator on Dec 5, 2023.
             Killed by nerve-wracking pain
             ... invoked by an orc priest
              (10 damage)
             ... on level 5 of the Dungeon.
             The game lasted 00:05:45 (3172 turns).

Malachi the Slasher (Demonspawn Gladiator)          Turns: 3172, Time: 00:05:46

Health: 0/49       AC: 10    Str: 14    XL:     6   Next: 2%
Magic:  6/6        EV: 12    Int:  9    God:
Gold:   75         SH:  0    Dex: 16    Spells: 5/5 levels left

rFire   . . .        a - +1 long sword
rCold   . . .        (no shield)
rNeg    . . .        l - +3 leather armour of Eternal Vigilance {rElec}
rPois   .            c - +0 helmet
rElec   +            (no cloak)
rCorr   .            (no gloves)
SInv    .            (no boots)
Will    .....        (no amulet)
Stlth   +            (no ring)
HPRegen 0.28/turn    (no ring)
MPRegen 0.10/turn

%: no passive effects
@: no status effects
A: molten scales 2, spiny 1
a: no special abilities


You were on level 5 of the Dungeon.
You visited 1 branch of the dungeon, and saw 5 of its levels.

You collected 75 gold pieces.

Inventory:

Hand Weapons
 a - a +1 long sword (weapon)
 r - a +0 falchion
Missiles
 d - 2 throwing nets (quivered)
 e - 10 javelins
 t - 3 boomerangs
Armour
 c - a +0 helmet (worn)
 i - a +2 ring mail of cold resistance
 l - the +3 leather armour of Eternal Vigilance (worn) {rElec}
   (You found it on level 2 of the Dungeon)

   rElec:     It insulates you from electricity.
Talismans
 s - a serpent talisman
Wands
 v - a wand of mindburst (4)
Scrolls
 b - 2 scrolls of enchant weapon
 h - a scroll of teleportation
 n - a scroll of fear
 p - 2 scrolls of revelation
Potions
 g - a potion of ambrosia {unknown}
 k - 2 potions of lignification {unknown}
 o - a potion of cancellation {unknown}
 q - a potion of degeneration {unknown}
 u - a potion of curing {unknown}


   Skills:
 + Level 4.4 Fighting
 + Level 4.8 Long Blades
 - Level 1.8 Throwing
 - Level 2.7 Dodging


You had 5 spell levels left.
You didn't know any spells.
Your spell library contained the following spells:

 Spells                   Type           Power      Damage    Failure   Level
 Slow                     Hex            0%         N/A       45%         1
 Ensorcelled Hibernation  Hex/Ice        0%         N/A       61%         2
 Passwall                 Tmut/Erth      0%         N/A       61%         2
 Wereblood                Tmut           0%         N/A       61%         2
 Confusing Touch          Hex            0%         N/A       83%         3
 Sigil of Binding         Hex            0%         N/A       83%         3
 Swiftness                Air            0%         N/A       83%         3
 Vampiric Draining        Necr           0%         2d6       83%         3
 Irradiate                Conj/Tmut      0%         3d11      100%        5


Dungeon Overview and Level Annotations

Branches:
Dungeon (5/15)
 Temple: D:4-7

Altars:


Innate Abilities, Weirdness & Mutations

You are mostly covered in molten scales. (AC +3)
You are partially covered in sharp spines.


Message History

The orc hits you but does no damage.
The orc shouts!
You slash the orc!
You kill the orc!
The orc wizard hits you with a +0 dagger.
You hit the orc wizard.
The orc wizard is lightly wounded.
The orc wizard hits you but does no damage.
You slash the orc wizard!
The orc wizard is almost dead.
The orc wizard hits you but does no damage.
The orc priest mumbles some strange prayers to Beogh against you.
Beogh smites you! The orc hits you with a +0 flail.
You hit the orc wizard.
You kill the orc wizard!
The orc barely misses you.
You have reached level 6!
You hit the orc but do no damage. The orc hits you but does no damage.
You slash the orc!
You kill the orc!
The orc hits you but does no damage.
The orc priest calls down the wrath of Beogh upon you.
Pain shoots through your body! The orc is struck by your spines.
The orc hits you with a +0 flail.
You slash the orc priest!
The orc priest is heavily wounded.
The orc misses you. The orc priest hits you with a +0 mace.
* * * LOW HITPOINT WARNING * * *
You hit the orc priest but do no damage.
Your punch misses the orc priest.
The orc priest is heavily wounded.
The orc priest hits you with a +0 mace.
* * * LOW HITPOINT WARNING * * *
The orc is struck by your spines.
You kill the orc!
You hit the orc priest.
The orc priest is heavily wounded.
The orc priest calls down the wrath of Beogh upon you.
Pain shoots through your body!
You die...

. ...
....####+##
......))..#
#....o@<.#
#....)...#
#........#
#!.......#
#........#
#........#
#........#
#........#


You could see an orc priest.

Vanquished Creatures
  A centaur (D:4)
  A sleepcap (D:4)
  An orc wizard (D:5)
  A gnoll (D:2)
  5 adders
  2 worms (D:2)
  A dart slug (D:2)
  3 orcs (D:5)
  5 ball pythons
  9 bats
  2 endoplasms (D:1)
  2 giant cockroaches
  8 goblins
  9 hobgoblins
  3 jackals
  9 kobolds
  5 quokkas
  3 frilled lizards (D:1)
  6 rats
76 creatures vanquished.

Notes
Turn   | Place    | Note
-------+----------+-------------------------------------------
     0 | D:1      | Malachi the Demonspawn Gladiator began the quest for the
                  | Orb.
     0 | D:1      | Reached XP level 1. HP: 16/16 MP: 1/1
   162 | D:1      | Gained mutation: You are partially covered in sharp spines.
                  | [demonic ancestry]
   162 | D:1      | Reached XP level 2. HP: 15/22 MP: 2/2
   397 | D:1      | Reached XP level 3. HP: 28/28 MP: 3/3
   733 | D:2      | Identified the +3 leather armour of Eternal Vigilance
                  | {rElec}
   772 | D:2      | Gained mutation: You are partially covered in molten
                  | scales. (AC +2) [demonic ancestry]
   772 | D:2      | Reached XP level 4. HP: 35/35 MP: 4/4
  2249 | D:4      | Noticed a centaur
  2259 | D:4      | Killed a centaur
  2260 | D:4      | Gained mutation: You are mostly covered in molten scales.
                  | (AC +3) [demonic ancestry]
  2260 | D:4      | Reached XP level 5. HP: 13/42 MP: 5/5
  3162 | D:5      | Entered Level 5 of the Dungeon
  3168 | D:5      | Reached XP level 6. HP: 31/49 MP: 6/6
  3172 | D:5      | Killed from afar by an orc priest

Illustrated notes

Levels and vault maps discovered:
D:1:      amcnicky_arrival_blooded_trapdoor, layout_rooms
D:2:      layout_basic, minmay_cupped
D:3:      layout_loops_ring
D:4:      layout_gridville
D:5:      layout_basic, lemuel_temple_firewalk_a

Skill      XL: |  1  2  3  4 |
---------------+-------------+-----
Long Blades    | 3 4 |  4.8
Fighting       | 3 4 |  4.4
Throwing       | |  1.8
Dodging        | |  2.7

Action                     |  1- 3 |  4- 6 || total
---------------------------+-------+-------++-------
  Melee: Long sword        |    69 |    74 ||   143
         Punch             |     2 |     1 ||     3
  Throw: Throwing net      |       |     1 ||     1
    Use: Scroll            |       |     6 ||     6
 Armour: Leather armour    |    11 |    58 ||    69
         Ring mail         |    30 |       ||    30
  Dodge: Dodged            |    42 |    52 ||    94

Table legend: (Time is in decaauts)
 A = Elapsed time spent in this place.
 B = Non-inter-level travel time spent in this place.
 C = Inter-level travel time spent in this place.
 D = Time resting spent in this place.
 E = Time spent auto-exploring this place.
 F = Levels seen in this place.
 G = Mean time per level.
                   A        B        C        D        E       F      G
               +--------+--------+--------+--------+--------+-----+--------+
         Total |   3201 |   2980 |    221 |    403 |   2052 |   5 |  640.2 |
       Dungeon |   3201 |   2980 |    221 |    403 |   2052 |   5 |  640.2 |
               +--------+--------+--------+--------+--------+-----+--------+

Top non-repeatable levels by time:
     D:4: 1021 daAuts
     D:2: 958 daAuts
     D:3: 723 daAuts
     D:1: 486 daAuts
     D:5: 11 daAuts
